AoeStats
← DiegoRH7955

Nomad

510907721Analyzed
3v3 RM · 20h ago on Oct 3, 2026· 46m 59s· 6 players
Game mode
Random Map
Map size
210×210
Population
200
Speed
Normal
Resources
Standard
Victory
Conquest
Starting age
Dark Age
Ending age
Imperial Age
RankedLock teamsTeams togetherTeam positionsShared explorationLock speedFull tech treeHidden civsTurbo modeCheats
Victory
Defeat
🇧🇷 Varangians · Brazil
1488
+18
🇨🇳 Persians · China
1411
+21
🇻🇳 Spanish · Vietnam
1393
+22
🇦🇷 Koreans · Argentina
1595
-22
🇲🇽 Vietnamese · Mexico
1513
-20
🇲🇽 Varangians · Mexico
1491
-19
panzasmagno
5:27 Loom
14:27 Feudal Age
18:12 Castle Age
16:14 Fishing Lines
23:03 Wheelbarrow
22:52 Double-Bit Axe
22:59 Town Watch
24:01 Fletching
31:42 Horse Collar
33:09 Bodkin Arrow
34:43 Bow Saw
35:07 Gold Mining
37:38 Ballistics
42:17 Imperial Age
40:26 Forging
40:39 Hand Cart
39:51 Pikeman
41:50 Scale Mail Armor
43:11 Chain Mail Armor
43:35 Iron Casting
44:56 Chain Mail Armor
44:22 Halberdier
DiegoRH7955
9:10 Loom
13:33 Feudal Age
17:13 Castle Age
16:24 Double-Bit Axe
17:54 Fletching
19:00 Bodkin Arrow
19:21 Bow Saw
25:22 Town Watch
29:39 Stone Mining
33:50 Ballistics
35:26 Fishing Lines
36:23 Scale Mail Armor
37:19 Wheelbarrow
40:31 Gillnets
41:40 Squires
41:26 Gambesons
48:59 Imperial Age
47:01 Chain Mail Armor
DiegoRasta
4:54 Loom
13:54 Feudal Age
14:27 Fishing Lines
14:46 Horse Collar
20:55 Castle Age
19:46 Double-Bit Axe
22:38 Bow Saw
22:32 Fletching
25:51 Bodkin Arrow
33:24 Medium Warships
37:37 Wheelbarrow
40:21 Imperial Age
40:02 Pikeman
43:19 Bracer
46:23 Scale Mail Armor
Baratinha
5:57 Loom
13:46 Feudal Age
17:52 Castle Age
16:01 Fishing Lines
16:30 Double-Bit Axe
17:24 Gold Mining
19:01 Wheelbarrow
18:46 Bow Saw
20:03 Town Watch
22:16 Horse Collar
41:56 Imperial Age
40:34 Heavy Plow
43:44 Crop Rotation
45:09 Two-Man Saw
45:53 Conscription
45:34 Scale Mail Armor
45:45 Forging
45:41 Elite Varangian Guard
45:56 Gothikon
47:05 Chain Mail Armor
46:56 Squires
46:41 Arson
dustbin
3:52 Loom
14:26 Feudal Age
20:04 Castle Age
18:34 Fishing Lines
19:44 Double-Bit Axe
27:01 Bow Saw
30:13 Padded Archer Armor
31:45 Gold Mining
34:51 Leather Archer Armor
34:57 Elite Skirmisher
35:30 Fletching
37:14 Wheelbarrow
39:45 Horse Collar
40:35 Stone Mining
44:01 Imperial Age
42:12 Heavy Plow
43:41 Bodkin Arrow
44:58 Bracer
45:29 Ring Archer Armor
45:07 Husbandry
45:18 Bloodlines
47:19 Chemistry
47:23 Ballistics
47:06 Arson
祈求好运
11:50 Feudal Age
11:31 Loom
14:03 Double-Bit Axe
20:05 Castle Age
19:33 Forging
19:18 Horse Collar
19:21 Fishing Lines
20:44 Medium Warships
21:10 Iron Casting
24:03 Wheelbarrow
26:01 Clinker Construction
26:17 Careening
29:36 Bow Saw
30:41 Hand Cart
36:26 Imperial Age
34:19 Scale Barding Armor
34:07 Gold Mining
34:50 Heavy Plow
35:49 Chain Barding Armor
36:09 Cavalier
36:49 Husbandry
37:00 Bloodlines
37:12 Conscription
37:29 Plate Barding Armor
39:42 Blast Furnace
38:54 Savar
40:18 Gold Shaft Mining
42:40 Two-Man Saw
41:36 Light Cavalry
44:21 Crop Rotation
44:13 Hussar
Connection lost

Rejoining the realm…

Still unreachable

The connection could not be restored.

Session expired

The server has moved on; the page needs a fresh start.